 Dungeon Crawl Stone Soup version 0.20.1-1-g8b1a95d (webtiles) character file.

449 stormannn the Covered (level 7, -5/56 HPs)
             Began as a Barachi Fighter on Nov 28, 2017.
             Was an Initiate of Cheibriados.
             Slain by Sigmund
             ... wielding a +0 scythe
              (9 damage)
             ... in the Ecumenical Temple.
             The game lasted 00:07:31 (3334 turns).

stormannn the Covered (Barachi Fighter)             Turns: 3334, Time: 00:07:32

Health: -5/56      AC:  7    Str: 20    XL:     7   Next: 4%
Magic:  7/7        EV:  9    Int:  9    God:    Cheibriados [......]
Gold:   190        SH:  9    Dex: 13    Spells: 6/6 levels left

rFire    x . .     SeeInvis .   a - +0 war axe
rCold    + . .     Gourm    .   c - +0 shield
rNeg     . . .     Faith    .   b - +0 scale mail
rPois    +         Spirit   .   (no helmet)
rElec    .         Reflect  .   (no cloak)
rCorr    .         Harm     .   (no gloves)
MR       .....                  (no boots)
Stlth    ..........             (no amulet)
Regen    0.2/turn               t - ring of ice
MPRegen  0.1/turn               l - ring of poison resistance

@: hasted
A: +LOS, swims, blurry vision 1, mutation resistance 1, slowness 1, strong legs
1
a: Hop, Bend Time, Renounce Religion


You were in the Ecumenical Temple.
You worshipped Cheibriados.
Cheibriados was noncommittal.
You were not hungry.

You visited 2 branches of the dungeon, and saw 5 of its levels.

You collected 190 gold pieces.

Inventory:

Hand Weapons
 a - a +0 war axe (weapon)
Armour
 b - a +0 scale mail (worn)
 c - a +0 shield (worn)
Jewellery
 h - an uncursed ring of fire
 l - a ring of poison resistance (right hand)
 t - a ring of ice (left hand)
Scrolls
 e - 2 scrolls of identify
 g - a scroll of teleportation {unknown}
 p - a scroll of fear {unknown}
 q - 2 scrolls of enchant armour {unknown}
 r - a scroll of blinking {unknown}
 v - a scroll of remove curse {unknown}
Potions
 d - 3 potions of degeneration
 i - a potion of cancellation {unknown}
 o - 3 potions of brilliance
Comestibles
 j - 5 meat rations
 s - 2 royal jellies
 u - a bread ration


   Skills:
 + Level 5.0 Fighting
 + Level 3.7 Axes
 * Level 5.9 Armour
 + Level 3.2 Dodging
 + Level 4.3 Shields


You had 6 spell levels left.
You didn't know any spells.

Dungeon Overview and Level Annotations

Branches:
Dungeon (4/15)             Temple (1/1) D:4

Altars:
Ashenzari
Cheibriados
Dithmenos
Gozag
Kikubaaqudgha
Makhleb
Qazlal
Sif Muna
Trog
Vehumet
Xom
Zin

Annotations:
D:4 Eustachio; Slayriker's ghost, amateur OgSk
Temple Sigmund


Innate Abilities, Weirdness & Mutations

Shadows flee at your approach. (+LOS)
You can swim through water.
You cover ground slowly.
You can hop short distances.
Scrolls take you a little longer to read.
You are somewhat resistant to further mutation.


Message History

You slash Sigmund!
Sigmund is almost dead.
You completely miss Sigmund.
Sigmund is almost dead.
Sigmund hits you with a scythe.
You barely miss Sigmund.
Sigmund is almost dead.
Sigmund hits you with a scythe!
* * * LOW HITPOINT WARNING * * *
You hit Sigmund but do no damage.
Sigmund is almost dead.
You hit Sigmund but do no damage.
Sigmund is almost dead.
Sigmund mumbles some strange words.
Sigmund flickers and vanishes!
Deactivating autopickup; reactivate with Ctrl-A.
You miss something. Something hits you!
* * * LOW HITPOINT WARNING * * *
You miss something. Something hits you!
You die...

.. ##.# .. ._.
.#.## ._. ..#
...# #.. #.#
._. #.# #.# ...
#.# #.##.##.#
### #.#.#.# #.#
#...##...##...#
#._...{@...._.#
##
#...##...##...#
#.# #. ##.#.#.#
# #.#
##.##.##.# ..#
##.##... #.#
#.###.## ._.#
#.# #...## ...#
#.. #._.# ##.#.
._. #...# #.##
..


There were no monsters in sight!

Vanquished Creatures
  An orc warrior (D:3)
  An ogre (D:4)
  2 hounds (D:4)
  A bullfrog skeleton (D:4)
  2 worker ants (D:4)
  5 adders
  An ooze (D:2)
  4 worms
  4 dart slugs
  An orc (D:4)
  4 bats
  2 giant cockroaches
  5 goblins
  13 hobgoblins
  9 kobolds
  2 quokkas
  A ball python (D:2)
  5 frilled lizards
  21 rats (D:3)
84 creatures vanquished.

Notes
Turn   | Place    | Note
-------+----------+-------------------------------------------
     0 | D:1      | stormannn the Barachi Fighter began the quest for the Orb.
     0 | D:1      | Reached XP level 1. HP: 18/18 MP: 1/1
   209 | D:1      | Reached skill level 1 in Dodging
   209 | D:1      | Reached XP level 2. HP: 24/24 MP: 2/2
   635 | D:1      | Reached XP level 3. HP: 30/30 MP: 3/3
  1271 | D:2      | Reached XP level 4. HP: 37/37 MP: 4/4
  1671 | D:3      | Found an ancient bone altar of Kikubaaqudgha.
  1723 | D:3      | Noticed an orc warrior
  1733 | D:3      | Killed an orc warrior
  1733 | D:3      | Reached skill level 5 in Armour
  1733 | D:3      | Reached XP level 5. HP: 18/43 MP: 5/5
  2249 | D:3      | Found a stormy altar of Qazlal.
  2740 | D:4      | Reached XP level 6. HP: 48/49 MP: 6/6
  2815 | D:4      | Noticed Slayriker's ghost (amateur OgSk)
  3081 | D:4      | Found a burning altar of Makhleb.
  3083 | D:4      | Reached skill level 5 in Fighting
  3093 | D:4      | Found a staircase to the Ecumenical Temple.
  3118 | Temple   | Entered the Ecumenical Temple
  3126 | Temple   | Became a worshipper of Cheibriados the Contemplative
  3216 | D:4      | Reached XP level 7. HP: 51/56 MP: 7/7
  3297 | D:4      | Noticed Eustachio
  3310 | D:4      | Noticed Sigmund
  3320 | Temple   | Gained mutation: Scrolls take you a little longer to read. [potion of mutation]
  3320 | Temple   | Gained mutation: You are somewhat resistant to further mutation. [potion of mutation]
  3334 | Temple   | Slain by Sigmund

Skill      XL: |  1  2  3  4  5  6 |
---------------+-------------------+-----
Dodging        | 1 2 3 |  3.2
Armour         | 4 5 |  5.9
Fighting       | 4 5 |  5.0
Axes           | 3 |  3.7
Shields        | 4 |  4.3

Action                   |  1- 3 |  4- 6 |  7- 9 || total
-------------------------+-------+-------+-------++-------
Melee: War axe           |   112 |   200 |    13 ||   325
 Abil: Hop               |     1 |       |       ||     1
  Use: Potion            |       |     1 |     3 ||     4
       Scroll            |       |     2 |       ||     2
  Eat: Chunk             |     2 |     3 |       ||     5
       Bread ration      |       |     1 |       ||     1
Armor: Scale mail        |    49 |    76 |     9 ||   134
Dodge: Dodged            |    30 |    76 |     8 ||   114
Block: Shield            |    75 |    96 |    10 ||   181
